 Dungeon Crawl Stone Soup version 0.19.0-2-gae57169 (webtiles) character file.

6213 Monkfish the Covert (level 11, 0/66 HPs)
             Began as a Kobold Berserker on Nov 5, 2016.
             Was a High Priest of Trog.
             Slain by a yak (10 damage)
             ... on level 9 of the Dungeon.
             The game lasted 00:13:52 (6518 turns).

Monkfish the Covert (Kobold Berserker)              Turns: 6518, Time: 00:13:53

Health: 0/66       AC:  7    Str: 20    XL:     11   Next: 14%
Magic:  20/20      EV: 19    Int: 15    God:    Trog [*****.]
Gold:   473        SH:  0    Dex: 17    Spells: 0 memorised, 10 levels left

rFire  + . .     SeeInvis +     n - +3 rapier of the Mind {freeze, rF+ MR++ Int+3}
rCold  . . .     Gourm    .     f - +0 leather armour
rNeg   . . .     Faith    .     (shield restricted)
rPois  .         Spirit   .     (no helmet)
rElec  .         Reflect  .     s - +0 cloak
rCorr  .         Harm     .     t - +2 pair of gloves
MR     ++++.                    (no boots)
Stlth  ++++++....               e - amulet of regeneration
                                w - +4 ring of strength
                                o - ring "Gedeh" {Wiz MP+9 Int+4 SInv}

@: regenerating
A: carnivore 3
a: Berserk, Trog's Hand, Brothers in Arms, Burn Spellbooks, Renounce Religion


You were on level 9 of the Dungeon.
You worshipped Trog.
Trog was extremely pleased with you.
You were full.

You visited 1 branch of the dungeon, and saw 9 of its levels.

You collected 617 gold pieces.
You spent 144 gold pieces at shops.

Inventory:

Hand Weapons
 a - a +2 falchion of flaming
 n - the +3 rapier of the Mind (weapon) {freeze, rF+ MR++ Int+3}
   (You bought it in a shop on level 4 of the Dungeon)

   It has been specially enchanted to freeze those struck by it, causing extra
   injury to most foes and up to half again as much damage against particularly
   susceptible opponents.
   It can also slow down cold-blooded creatures.
   It affects your intelligence (+3).
   It protects you from fire.
   It affects your resistance to hostile enchantments.
 B - a +2 antimagic rapier
Armour
 f - a +0 leather armour (worn)
 s - a +0 cloak (worn)
 t - a +2 pair of gloves (worn)
 z - a +1 robe of positive energy
Jewellery
 e - an amulet of regeneration (around neck)
 o - the ring "Gedeh" (left hand) {Wiz MP+9 Int+4 SInv}
   (You found it on level 6 of the Dungeon)

   [ring of wizardry]

   It improves your spell success rate.
   It affects your intelligence (+4).
   It affects your magic capacity (+9).
   It lets you see invisible.
 w - a +4 ring of strength (right hand)
 y - an uncursed ring of ice {unknown}
Scrolls
 h - 6 scrolls of remove curse
 j - a scroll of fog
 m - 4 scrolls of identify
 p - 2 scrolls of enchant weapon
 q - 3 scrolls of magic mapping
 v - a scroll of recharging
 x - a scroll of acquirement {unknown}
 C - a scroll of teleportation
Potions
 b - a potion of might
 i - 3 potions of haste
 l - 2 potions of invisibility
 r - a potion of cure mutation
 u - a potion of cancellation
 A - a potion of curing
Comestibles
 c - 5 meat rations
 d - a slice of pizza
 g - 5 beef jerkies
 k - a royal jelly


   Skills:
 + Level 6.5 Fighting
 + Level 12.2 Short Blades
 - Level 1.5 Armour
 + Level 7.0 Dodging
 * Level 14.7 Stealth


You had 10 spell levels left.
You didn't know any spells.

Dungeon Overview and Level Annotations

Branches:
Dungeon (9/15)             Temple (0/1) D:6
   Lair: D:8-11         Orc: D:9-12

Altars:
Ashenzari
Cheibriados
Fedhas
Gozag
Hepliaklqana
Kikubaaqudgha
Makhleb
Ru
Vehumet
Xom
Zin

Shops:
D:4 *

Annotations:
D:9 2 runed doors


Innate Abilities, Weirdness & Mutations

You are small and have problems with some larger weapons.
You are carnivorous and can eat meat at any time.


Message History

You hit the yak but do no damage.
The yak is heavily wounded.
You hit the yak but do no damage.
The yak is heavily wounded.
The yak gores you.
You puncture the yak! You freeze the yak.
The yak is severely wounded.
The yak gores you!
You hit the yak. You freeze the yak.
The yak is almost dead.
You hit the yak but do no damage.
The yak is almost dead.
The yak gores you!
* * * LOW HITPOINT WARNING * * *
You hit the yak but do no damage.
The yak is almost dead.
Your skin crawls.
You feel resistant to hostile enchantments.
You feel somewhat less full. The yak gores you!
You die...

#.##....#......<#
##+##'##############
#..................#########
#...........................
#.........≈≈≈......#########
#...........≈≈.>)..#########
#.>.......≈≈≈≈..............
#.........≈Y≈†[....#########
#..........@?......#
#...........########
############# ##### #...#
#...# ######.... #.....?...
#......... #.........


You could see a yak.

Vanquished Creatures
  A wizard (D:9)
  A two-headed ogre (shapeshifter) (D:9)
  The ghost of Monkfish the Cutter, an amateur KoBe of Trog (D:4)
  A vampire (D:8)
  A wraith (D:8)
  2 yaks (D:9)
  A hungry ghost (D:8)
  A water moccasin (D:9)
  5 orc warriors
  3 ice beasts
  3 phantoms
  A hornet zombie (D:8)
  A sky beast (D:6)
  3 ogres
  2 centaurs
  A big kobold (D:9)
  9 bullfrogs
  6 scorpions
  5 howler monkeys
  5 crimson imps
  2 quasits
  A bullfrog zombie (D:8)
  A jelly (D:8)
  7 orc priests
  4 hounds
  11 orc wizards
  2 bullfrog skeletons
  2 iguanas
  Ijyb (D:3)
  11 worker ants
  A hound zombie (D:5)
  3 hound skeletons
  12 gnolls
  13 adders
  2 shadow imps (D:9)
  2 oozes
  2 adder skeletons
  4 worms
  3 dart slugs
  5 leopard geckos
  38 orcs
  4 giant cockroaches
  13 hobgoblins
  7 jackals
  7 quokkas
  3 ball pythons
  8 bats
  6 frilled lizards
  7 goblins
  4 kobolds
  A quokka skeleton (D:4)
  3 rats
243 creatures vanquished.

Notes
Turn   | Place    | Note
-------+----------+-------------------------------------------
     0 | D:1      | Monkfish the Kobold Berserker began the quest for the Orb.
     0 | D:1      | Reached XP level 1. HP: 14/14 MP: 1/1
    52 | D:1      | Reached XP level 2. HP: 16/19 MP: 2/2
   195 | D:1      | Reached skill level 1 in Stealth
   309 | D:1      | Reached XP level 3. HP: 16/23 MP: 3/3
   731 | D:2      | Reached ** piety under Trog
   819 | D:2      | Reached XP level 4. HP: 29/29 MP: 4/4
   889 | D:2      | Reached skill level 5 in Short Blades
   898 | D:2      | Reached skill level 2 in Stealth
  1400 | D:3      | Reached XP level 5. HP: 31/33 MP: 5/5
  1429 | D:3      | Reached skill level 3 in Stealth
  1457 | D:3      | Found an opulent altar of Gozag.
  1642 | D:3      | Noticed Ijyb
  1651 | D:3      | Killed Ijyb
  1730 | D:3      | Reached *** piety under Trog
  1788 | D:3      | Reached XP level 6. HP: 32/38 MP: 6/6
  1849 | D:3      | Reached skill level 4 in Stealth
  2623 | D:4      | Noticed Monkfish's ghost (amateur KoBe)
  2729 | D:4      | Noticed an ogre
  2739 | D:4      | Killed an ogre
  2739 | D:4      | Reached skill level 5 in Stealth
  2739 | D:4      | Reached XP level 7. HP: 43/43 MP: 7/7
  2879 | D:4      | Found Temnunox's Assorted Antiques.
  2885 | D:4      | Bought a jewelled rapier for 144 gold pieces
  2932 | D:4      | Killed Monkfish's ghost
  2932 | D:4      | Reached skill level 6 in Stealth
  3062 | D:4      | Identified the +3 rapier of the Mind {freeze, rF+ MR++ Int+3} (You bought it in a shop on level 4 of the Dungeon)
  3068 | D:5      | Entered Level 5 of the Dungeon
  3071 | D:5      | Found a shimmering altar of Xom.
  3339 | D:5      | Reached skill level 7 in Stealth
  3346 | D:5      | Reached XP level 8. HP: 34/48 MP: 8/8
  3619 | D:5      | Noticed a gargoyle
  3661 | D:5      | Reached skill level 5 in Dodging
  3804 | D:6      | Reached skill level 8 in Stealth
  3838 | D:6      | Got a scorched lapis lazuli ring
  3946 | D:6      | Identified the ring "Gedeh" {Wiz MP+9 Int+4 SInv} (You found it on level 6 of the Dungeon)
  3959 | D:6      | Found an ancient bone altar of Kikubaaqudgha.
  3971 | D:6      | Reached **** piety under Trog
  3992 | D:6      | Reached skill level 9 in Stealth
  4154 | D:6      | Found a hazy altar of Hepliaklqana.
  4214 | D:6      | Found a staircase to the Ecumenical Temple.
  4290 | D:6      | Reached XP level 9. HP: 52/52 MP: 9/9
  4299 | D:6      | Reached skill level 10 in Stealth
  4507 | D:7      | Found a blossoming altar of Fedhas.
  4508 | D:7      | Found a glowing silver altar of Zin.
  4508 | D:7      | Found a radiant altar of Vehumet.
  4510 | D:7      | Found a shattered altar of Ashenzari.
  4516 | D:7      | Found a burning altar of Makhleb.
  4516 | D:7      | Found a snail-covered altar of Cheibriados.
  4517 | D:7      | Found a sacrificial altar of Ru.
  4634 | D:7      | Reached skill level 11 in Stealth
  4683 | D:7      | Reached skill level 5 in Fighting
  5044 | D:8      | Reached skill level 12 in Stealth
  5159 | D:8      | Reached skill level 10 in Short Blades
  5199 | D:8      | Reached XP level 10. HP: 47/59 MP: 10/10
  5216 | D:8      | Reached ***** piety under Trog
  5426 | D:8      | Reached skill level 13 in Stealth
  6219 | D:9      | Reached skill level 14 in Stealth
  6274 | D:9      | Noticed a wizard
  6275 | D:9      | Found a large runed door.
  6276 | D:9      | Found a large runed door.
  6278 | D:9      | Killed a wizard
  6278 | D:9      | Reached XP level 11. HP: 65/65 MP: 11/11
  6341 | D:9      | Received a gift from Trog
  6518 | D:9      | Slain by a yak

Skill      XL: |  1  2  3  4  5  6  7  8  9 10 11 |
---------------+----------------------------------+-----
Stealth        | 1 2 3 5 7 9 12 14 | 14.7
Dodging        | 3 4 5 6 7 |  7.0
Short Blades   | 5 6 7 8 10 11 12 | 12.2
Fighting       | 4 5 6 |  6.5
Armour         | |  1.5

Action                   |  1- 3 |  4- 6 |  7- 9 | 10-12 || total
-------------------------+-------+-------+-------+-------++-------
Melee: Short sword       |    94 |   210 |    43 |       ||   347
       Rapier            |       |       |   237 |   246 ||   483
Invok: Berserk           |     2 |     3 |     5 |     4 ||    14
       Trog's Hand       |       |       |     4 |     4 ||     8
       Burn Spellbooks   |       |       |     1 |       ||     1
  Use: Potion            |     3 |     2 |     2 |     3 ||    10
       Scroll            |     1 |     6 |     9 |     2 ||    18
 Stab: Sleeping          |     4 |     9 |    19 |    18 ||    50
       Distracted        |       |       |     4 |     1 ||     5
  Eat: Chunk             |     9 |     6 |    12 |    12 ||    39
       Meat ration       |       |       |     1 |       ||     1
Armor: Animal skin       |    21 |    20 |    24 |    10 ||    75
       Skin              |       |     3 |       |       ||     3
       Leather armour    |       |       |       |    15 ||    15
Dodge: Dodged            |    78 |   137 |   170 |   132 ||   517
